Map: Torri del crepuscolo

Players

siulzz

  • Race: Zerg Zerg
  • League: Gold

Jhyrachy - Winner!

  • Race: Zerg Zerg
  • League: Gold

VOD

Have the link to the VOD?

Description

Time

  • Played on: May 22, 2016, 3:37 p.m.
  • Length: 4:23
Show
View Real Time Build Order
Export as new Build Order

siulzz Zerg 

Build Orders: Pool First 

Get SALT Encoding   

  12  0:04  Drone  
  13  0:12  Drone  
  14  0:32  Spawning Pool  
  14  0:34  Extractor, Drone  
  13  0:37  Drone  
  14  1:05  Hatchery  
  14  1:08  Drone  
  14  1:19  Overlord  
  14  1:28  Extractor  
  14  1:29  Drone  
  15  1:42  Drone  
  15  1:43  Drone x2  
  18  1:53  Drone  
  19  1:59  Metabolic Boost  
  19  2:04  Queen  
  21  2:11  Drone  
  22  2:22  Queen  
  24  2:26  Zergling x2  
  24  2:28  Overlord  
  25  2:40  Baneling Nest, Drone  
  25  2:43  Drone  
  26  2:45  Drone  
  27  2:53  Drone x2  
  29  3:00  Drone  
  30  3:09  Drone  
  30  3:10  Drone x2  
  30  3:12  Drone  
  34  3:14  Drone  
  35  3:24  Zergling x6  
  29  3:34  Zergling x4  
  20  3:48  Zergling x8  
  18  4:00  Zergling x4  
Show
View Real Time Build Order
Export as new Build Order

Jhyrachy Zerg - Winner!

Build Orders: Pool First 

Get SALT Encoding   

  12  0:01  Drone  
  13  0:23  Spawning Pool  
  13  0:25  Drone  
  13  0:31  Extractor  
  13  0:33  Drone  
  13  0:37  Drone  
  14  0:46  Overlord  
  14  1:07  Drone x2  
  16  1:11  Drone  
  16  1:13  Queen  
  19  1:21  Overlord  
  19  1:32  Zergling x2  
  20  1:40  Metabolic Boost  
  20  1:44  Zergling x2  
  21  1:56  Drone  
  22  2:07  Zergling x2  
  23  2:10  Hatchery  
  23  2:14  Zergling x2  
  23  2:22  Overlord  
  23  2:25  Zergling x4  
  25  2:32  Zergling x2  
  26  2:42  Zergling x2  
  27  2:51  Zergling x2  
  28  2:56  Zergling x4  
  28  2:57  Drone  
  31  2:59  Queen  
  30  3:53  Zergling x2  
  30  3:54  Zergling x14  
Tags
 
Add a new tag
Caveats
  • Supply blocks, unpowered buildings, or Contaminate may cause inaccurate times.
  • Supply counts are checked every 10 seconds.